 Dungeon Crawl Stone Soup version 0.30.0-17-ge0270778cf (webtiles) character file.

Game seed: 10820657780637073146

88 gelatine the Trooper (level 4, 0/35 HPs)
             Began as a Demonspawn Fighter on May 21, 2023.
             Slain by a kobold
             ... wielding a +0 whip
              (3 damage)
             ... on level 4 of the Dungeon.
             The game lasted 00:04:24 (2153 turns).

gelatine the Trooper (Demonspawn Fighter)           Turns: 2153, Time: 00:04:25

Health: 0/35       AC:  9    Str: 30    XL:     4   Next: 29%
Magic:  13/13      EV: 10    Int:  9    God:
Gold:   164        SH:  4    Dex: 13    Spells: 3/3 levels left

rFire   . . .        a - +0 war axe
rCold   . . .        c - +0 buckler
rNeg    . . .        b - +0 scale mail
rPois   .            (no helmet)
rElec   +            u - +0 cloak
rCorr   .            (no gloves)
SInv    .            h - +0 pair of boots
Will    .....        (no amulet) Stlth
                     k - ring "Diacuq" {rElec MP+9 Str+6}
HPRegen 1.25/turn    q - +6 ring of strength
MPRegen 0.13/turn

%: no passive effects
@: no status effects
A: claws 1, powered by death 1, weakness stinger 1
a: no special abilities


You were on level 4 of the Dungeon.
You visited 1 branch of the dungeon, and saw 4 of its levels.

You collected 164 gold pieces.

Inventory:

Hand Weapons
 a - a +0 war axe (weapon)
Armour
 b - a +0 scale mail (worn)
 c - a +0 buckler (worn)
 h - a +0 pair of boots (worn)
 u - a +0 cloak (worn)
Jewellery
 k - the ring "Diacuq" (left claw) {rElec MP+9 Str+6}
   (You found it on level 2 of the Dungeon)

   [ring of strength]

   Str:       It affects your strength (+6).
   rElec:     It insulates you from electricity.
   MP:        It affects your magic capacity (+9).
 p - a ring of positive energy
 q - a +6 ring of strength (right claw)
Scrolls
 f - 6 scrolls of identify {unknown}
 i - 3 scrolls of teleportation {unknown}
 j - 3 scrolls of immolation {unknown}
 n - 2 scrolls of blinking {unknown}
 o - a scroll of enchant weapon {unknown}
 r - a scroll of amnesia {unknown}
 s - a scroll of poison {unknown}
Potions
 d - 4 potions of might
 e - 3 potions of attraction {unknown}
 g - a potion of curing {unknown}
 l - a potion of heal wounds {unknown}
 m - 4 potions of flight {unknown}
 t - a potion of magic {unknown}


   Skills:
 * Level 3.3 Fighting
 * Level 2.8 Axes
 * Level 3.2 Armour
 * Level 1.2 Dodging
 * Level 3.0 Shields


You had 3 spell levels left.
You didn't know any spells.
Your spell library contained the following spells:

 Spells                   Type           Power      Damage    Failure   Level
 Summon Forest            Summ/Tloc      0%         N/A       100%        5
 Summon Mana Viper        Hex/Summ       0%         N/A       100%        5
 Summon Cactus Giant      Summ           0%         N/A       100%        6


Dungeon Overview and Level Annotations

Branches:
Dungeon (4/15)
 Temple: D:4-7

Altars:


Innate Abilities, Weirdness & Mutations

You have sharp fingernails.
You regenerate a little health from kills.
You have a small tail.


Message History

There is a stone staircase leading up here.
There is a stone staircase leading up here.
You see here a +0 scale mail.
Done exploring.
Done exploring.
You see here a +0 club.
There is a stone staircase leading down here.
You climb downwards.
The ogre shouts!
Found 5 stones.
There is a stone staircase leading up here.
Found a stone staircase leading down.
A kobold comes into view. It is wielding a +0 whip.
An endoplasm comes into view.
Found a scroll labelled OXZEAD ENADAO.
The ogre closely misses you.
You hit the ogre but do no damage.
Your tail-slap misses the ogre.
You slash the ogre! You tail-slap the ogre.
The ogre is heavily wounded.
You block the ogre's attack.
You slash the ogre!
The ogre is severely wounded.
The ogre closely misses you.
You hit the ogre.
Your tail-slap misses the ogre.
The ogre is almost dead.
You hit the kobold but do no damage.
The ogre hits you with a +0 giant spiked club!!
Ouch! That really hurt!
* * * LOW HITPOINT WARNING * * *
The kobold barely misses you.
You barely miss the ogre.
The ogre is almost dead.
You closely miss the kobold. The kobold hits you but does no damage.
You block the ogre's attack.
You slash the ogre!
You kill the ogre!
You slash the endoplasm!
You kill the endoplasm!
You hit the kobold. The kobold hits you but does no damage.
The kobold hits you with a +0 whip.
You die...

...(..#
.......##
........##
.........
........###
#.<#.# #....##
## ###...#..#
#....@...#
.......K).....#
...#...........#
.. ##..........#
. #......##.###
#.>...... ##
##........
#..?.....


You could see a kobold.

Vanquished Creatures
  An ogre (D:4)
  2 adders
  A worm (D:3)
  2 dart slugs
  4 orcs (D:3)
  7 ball pythons
  4 bats
  4 endoplasms
  2 giant cockroaches (D:3)
  5 goblins
  3 hobgoblins
  4 jackals (D:1)
  4 kobolds (D:1)
  5 quokkas
  7 frilled lizards
  7 rats
62 creatures vanquished.

Notes
Turn   | Place    | Note
-------+----------+-------------------------------------------
     0 | D:1      | gelatine the Demonspawn Fighter began the quest for the
                  | Orb.
     0 | D:1      | Reached XP level 1. HP: 18/18 MP: 1/1
    38 | D:1      | Discovered your monstrous ancestry.
    38 | D:1      | Gained mutation: You have sharp fingernails. [demonic
                  | ancestry]
    38 | D:1      | Reached XP level 2. HP: 10/24 MP: 2/2
   325 | D:1      | Gained mutation: You regenerate a little health from kills.
                  | [demonic ancestry]
   325 | D:1      | Reached XP level 3. HP: 25/29 MP: 3/3
   720 | D:2      | Identified the ring "Diacuq" {rElec MP+9 Str+6}
   864 | D:2      | Found a faded altar of an unknown god.
  1289 | D:3      | Reached skill level 1 in Dodging
  1319 | D:3      | Gained mutation: You have a small tail. [demonic ancestry]
  1319 | D:3      | Reached XP level 4. HP: 30/35 MP: 4/4
  2144 | D:4      | Noticed an ogre
  2151 | D:4      | HP: 1/35 [ogre/+0 giant spiked club (34)]
  2153 | D:4      | Killed an ogre
  2153 | D:4      | Slain by a kobold

Illustrated notes

Levels and vault maps discovered:
D:1:      wander_arrival_fairy_ring, layout_rooms, minmay_box_of_dots
D:2:      layout_basic, chequers_ecumenical_altar_lobes,
          kennysheep_pointless_box
D:3:      layout_loops_ring, minivault_24, serial_bayou_pond_a
D:4:      layout_cave_pools

Skill      XL: |  1  2  3  4 |
---------------+-------------+-----
Axes           | 2 |  2.8
Armour         | 3 |  3.2
Dodging        | 1 |  1.2
Shields        | 3 |  3.0
Fighting       | |  3.3

Action                     |  1- 3 |  4- 6 || total
---------------------------+-------+-------++-------
  Melee: War axe           |    86 |    40 ||   126
         Tailslap          |       |     5 ||     5
 Armour: Scale mail        |    54 |    17 ||    71
  Dodge: Dodged            |    77 |    17 ||    94
  Block: Buckler           |    25 |     9 ||    34
